 Dungeon Crawl Stone Soup version 0.28.0 (webtiles) character file.

Game seed: 14546588804498426692

74 SnakkuSnakku7 the Insei (level 4, -4/30 HPs)
             Began as a Vampire Fire Elementalist on Feb 14, 2022.
             Slain by Sigmund (8 damage)
             ... on level 4 of the Dungeon.
             The game lasted 00:02:47 (1674 turns).

SnakkuSnakku7 the Insei (Vampire Fire Elementalist) Turns: 1674, Time: 00:02:47

Health: -4/30      AC:  5    Str:  7 (9)  XL:     4   Next: 10%
Magic:  2/7        EV:  9    Int: 15 (17) God:
Gold:   40         SH:  0    Dex: 11 (14) Spells: 6/7 levels left

rFire   . . .      SeeInvis +     - Unarmed
rCold   . . .      Faith    .   (no shield)
rNeg    . . .      Spirit   .   i - +0 ring mail
rPois   .          Reflect  .   (no helmet)
rElec   .          Harm     .   (no cloak)
rCorr   .          Rampage  .   (no gloves)
Will    .....                   (no boots)
Stlth   ..........              e - amulet of the acrobat
HPRegen 0.30/turn               (no ring)
MPRegen 0.10/turn               (no ring)

@: confused, healing quickly
A: alive, fangs 3, see invisible, vampiric 2
a: Exsanguinate


You were on level 4 of the Dungeon.
You visited 1 branch of the dungeon, and saw 3 of its levels.

You collected 40 gold pieces.

Inventory:

Missiles
 j - a throwing net
Armour
 a - a +0 robe
 i - a +0 ring mail (worn)
Jewellery
 e - an amulet of the acrobat (around neck)
Scrolls
 b - a scroll of identify {unknown}
 c - 2 scrolls of teleportation {unknown}
 d - a scroll of blinking {unknown}
 g - 2 scrolls of fog {unknown}
 h - a scroll of enchant weapon {unknown}


   Skills:
 - Level 2.1 Dodging
 - Level 3.0 Stealth
 + Level 4.2 Unarmed Combat
 - Level 2.0 Spellcasting
 - Level 0.6 Conjurations
 - Level 2.4 Fire Magic


You had 6 spell levels left.
You knew the following spells:

 Your Spells              Type           Power      Damage    Failure   Level
a - Foxfire               Conj/Fire      24%        2x1d5     38%         1

Your spell library contained the following spells:

 Spells                   Type           Power      Damage    Failure   Level
 Scorch                   Fire           16%        2d5       41%         2
 Conjure Flame            Conj/Fire      6%         6-21      77%         3
 Inner Flame              Hex/Fire       5%         N/A       82%         3
 Flame Wave               Conj/Fire      6%         2d5       99%         4


Dungeon Overview and Level Annotations

Branches:
Dungeon (4/15)
 Temple: D:4-7

Altars:

Annotations:
D:4 Sigmund


Innate Abilities, Weirdness & Mutations

Your natural rate of healing is accelerated.
You have razor-sharp teeth.
You have supernaturally acute eyesight. (SInv)
You are afflicted with vampirism and can become a bat while bloodless.


Message History

Sigmund is heavily wounded.
Unknown command.
The foxfire hits Sigmund.
Sigmund is severely wounded.
The foxfire hits Sigmund.
Sigmund is severely wounded.
Sigmund casts a spell at you.
You are confused.
Sigmund completely misses you.
Sigmund zaps a wand.
The puff of flame misses you.
Sigmund casts a spell.
Sigmund flickers and vanishes for a moment.
You miss Sigmund.
Sigmund is severely wounded.
Sigmund gestures at you while chanting.
You are more confused.
You closely miss Sigmund. Your bite misses Sigmund.
Sigmund is severely wounded.
Sigmund hits you with a +1 scythe of holy wrath.
You convulse.
You bump into the rock wall.
You hit Sigmund.
Sigmund is almost dead.
Sigmund hits you with a +1 scythe of holy wrath.
You convulse.
You're too confused to move!
Sigmund gestures at you while chanting. You resist with some effort.
You hit Sigmund.
Sigmund is almost dead.
Sigmund hits you with a +1 scythe of holy wrath!
* * * LOW HITPOINT WARNING * * *
You convulse.
* * * LOW HITPOINT WARNING * * *
It was a potion of degeneration.
There was something very wrong with that liquid.
You feel weakened.
You feel dopey.
You feel clumsy.
You bump into the rock wall.
Sigmund hits you with a +1 scythe of holy wrath!
You die...

... ##...#### #@#
..........# #.# #
#Z........# #.# .#
#..#####..# #.##.#
#..#$([#..#### #...#
#..#)?$#..##.# #.###
####..#$$?#..#..#####.#
......#####.....@##...###
.)..............@.......#
##...........#..####.....#
#####..######### ###.###
##..# ## ###.# ..# ... #..


You could see Sigmund (invisible).

Vanquished Creatures
  An adder (D:4)
  2 worms
  A dart slug (D:1)
  2 bats (D:2)
  6 endoplasms
  4 giant cockroaches
  5 hobgoblins
  10 jackals
  A quokka (D:2)
  6 ball pythons
  6 frilled lizards
  4 goblins
  2 kobolds
  3 rats (D:1)
53 creatures vanquished.

Vanquished Creatures (others)
  42 foxfires
  4 plants (D:1)
46 creatures vanquished.

Grand Total: 99 creatures vanquished

Notes
Turn   | Place    | Note
-------+----------+-------------------------------------------
     0 | D:1      | SnakkuSnakku7 the Vampire Fire Elementalist began the quest
                  | for the Orb.
     0 | D:1      | Reached XP level 1. HP: 13/13 MP: 3/3
    41 | D:1      | Reached skill level 1 in Unarmed Combat
   243 | D:1      | Reached XP level 2. HP: 6/19 MP: 1/5
   294 | D:1      | Reached skill level 2 in Unarmed Combat
   313 | D:1      | Found a faded altar of an unknown god.
   772 | D:1      | Reached skill level 3 in Unarmed Combat
   772 | D:1      | Gained mutation: You are afflicted with vampirism and can
                  | become a bat while bloodless. [Vampire growth]
   772 | D:1      | Reached XP level 3. HP: 24/24 MP: 6/6
  1372 | D:2      | You fall into a shaft and drop 2 floors!
  1410 | D:4      | Reached skill level 4 in Unarmed Combat
  1516 | D:4      | Reached XP level 4. HP: 20/30 MP: 3/7
  1595 | D:4      | Noticed a scorpion
  1646 | D:4      | Noticed Sigmund
  1674 | D:4      | Slain by Sigmund

Illustrated notes

Levels and vault maps discovered:
D:1:      dpeg_arrival_water_temple_mockup, layout_loops_ring,
          hellmonk_ecumenical_altar_leap_of_faith, serial_forest,
          infiniplex_forest_clump_C, infiniplex_forest_clump_curved,
          infiniplex_forest_lined_room_2, infiniplex_forest_clump_large,
          infiniplex_forest_straight_1
D:2:      minmay_chambers_of_twos, layout_basic, minmay_pentomino_q4
D:4:      layout_layer_cave, due_unseen_surprise, uniq_sigmund

Skill      XL: |  1  2  3 |
---------------+----------+-----
Unarmed Combat | 1 3 4 |  4.2
Dodging        | |  2.1
Stealth        | |  3.0
Spellcasting   | |  2.0
Conjurations   | |  0.6
Fire Magic     | |  2.4

Action                   |  1- 3 |  4- 6 || total
-------------------------+-------+-------++-------
Melee: Unarmed           |   146 |    15 ||   161
       Bite              |    16 |       ||    16
       Punch             |     1 |       ||     1
 Cast: Foxfire           |    18 |     6 ||    24
  Use: Potion            |       |     1 ||     1
 Stab: Sleeping          |     6 |       ||     6
       Distracted        |     1 |       ||     1
Armor: Robe              |    20 |     1 ||    21
Dodge: Dodged            |    97 |    10 ||   107
